 Dungeon Crawl Stone Soup version 0.22-a0-240-g539252a (webtiles) character file.

695 Amnesiac the Prestidigitator (level 7, 0/36 HPs)
             Began as a Spriggan Artificer on Feb 21, 2018.
             Was an Initiate of Gozag.
             Slain by a gnoll (7 damage)
             ... on level 7 of the Dungeon.
             The game lasted 00:11:47 (3114 turns).

Amnesiac the Prestidigitator (Spriggan Artificer)   Turns: 3114, Time: 00:11:47

Health: 0/36       AC:  2    Str:  7    XL:     7   Next: 37%
Magic:  14/14      EV: 21    Int: 13    God:    Gozag
Gold:   34         SH:  6    Dex: 18    Spells: 5/6 levels left

rFire    x . .     SeeInvis +   h - -3 whip (curse)
rCold    + + .     Gourm    .   o - +1 buckler
rNeg     . . .     Faith    .   y - +0 robe of Bouhyiz {Str-3 Slay+5}
rPois    .         Spirit   .   (helmet restricted)
rElec    .         Reflect  .   (no cloak)
rCorr    .         Harm     .   (gloves unavailable)
MR       +....                  (boots unavailable)
Stlth    ++........             s - amulet "Reihana" {rF- rC++ Regen+ Dex+2}
HPRegen  0.52/turn              (no ring)
MPRegen  0.14/turn              (no ring)

@: very quick
A: very small, unfitting armour, see invisible, herbivore, speed 3, slow
metabolism 2
a: Potion Petition, Call Merchant, Bribe Branch, Renounce Religion


You were on level 7 of the Dungeon.
You worshipped Gozag.
Gozag was noncommittal.
You were not hungry.

You visited 1 branch of the dungeon, and saw 7 of its levels.

You collected 163 gold pieces.
You paid 129 gold pieces to Gozag.

Inventory:

Hand Weapons
 a - a +0 short sword
 b - a +0 hunting sling
 h - a cursed -3 whip (weapon)
 t - a +2 rapier of draining
Missiles
 k - 15 poisoned needles
 m - 21 sling bullets
 n - 130 stones (quivered)
Armour
 g - a +0 robe
 o - a +1 buckler (worn)
 y - the +0 robe of Bouhyiz (worn) {Str-3 Slay+5}
   (You found it on level 6 of the Dungeon)

   It affects your strength (-3).
   It affects your accuracy and damage with ranged weapons and melee attacks
   (+5).
Jewellery
 s - the amulet "Reihana" (around neck) {rF- rC++ Regen+ Dex+2}
   (You found it on level 4 of the Dungeon)

   [amulet of regeneration]

   It affects your dexterity (+2).
   It makes you vulnerable to fire.
   It greatly protects you from cold.
   It increases your rate of regeneration.
Wands
 d - a wand of enslavement (5)
 q - a wand of digging (18)
Scrolls
 e - a scroll of fog {!r}
 l - 2 scrolls of enchant armour {!r}
 r - 3 scrolls of identify {!r}
 w - 2 scrolls of blinking {!r}
 z - a scroll of teleportation {!r, unknown}
Potions
 c - a potion of haste {!q, unknown}
 i - 3 potions of curing {!q, unknown}
 j - a potion of berserk rage {!q, unknown}
 p - a potion of mutation {!q}
 u - a potion of resistance {!q, unknown}
 v - a potion of lignification {!q, unknown}
 x - a potion of agility {!q}
Comestibles
 f - 7 rations


   Skills:
 + Level 3.2 Fighting
 - Level 2.0 Short Blades
 + Level 6.2 Dodging
 - Level 2.3 Stealth
 * Level 8.3 Evocations


You had 5 spell levels left.
You knew the following spells:

 Your Spells              Type           Power        Failure   Level  Hunger
a - Infusion              Chrm           #...         45%         1    ##.....


Dungeon Overview and Level Annotations

Branches:
Dungeon (7/15)
 Temple: D:4-7

Altars:
Dithmenos
Fedhas
Gozag
Okawaru
Qazlal
Sif Muna
Trog
Uskayaw
Xom
Zin

Annotations:
D:2 exclusions: 7 doors and 3 more exclusions
D:5 Amnesiac's ghost, amateur SpAr


Innate Abilities, Weirdness & Mutations

You are very small and have problems with some larger weapons.
You are too small for most types of armour.
You have supernaturally acute eyesight. (SInv)
You are a herbivore.
You cover ground extremely quickly.
You need consume almost no food.


Message History

The bullfrog swells and bulges.
Found a ration.
An orc comes into view. It is wielding a club.
You open the door.
There is an open door here.
Found a hide-covered altar of Uskayaw and a glowing silver altar of Zin.
A gnoll comes into view.
The gnoll shouts!
Found an opulent altar of Gozag.
A gnoll comes into view. It is wielding a spear.
The gnoll shouts!
You hear a shout!
A gnoll sergeant comes into view. It is wielding a spear of piercing.
A gnoll comes into view. It is wielding a flail.
The gnoll shouts!
The gnoll sergeant shouts!
Found a deep blue altar of Sif Muna.
You block the bullfrog's attack. You block the bullfrog's attack.
You block the bullfrog's attack. The orc completely misses you.
You barely miss the orc.
The bullfrog snags a nearby blue-tailed skink with its tongue.
The bullfrog barely misses you. The orc closely misses you.
You hit the orc.
The orc is severely wounded.
The bullfrog completely misses you. The bullfrog barely misses you.
You block the orc's attack.
You hit the orc.
You kill the orc!
The bullfrog hits you. You block the bullfrog's attack.
Things that are here:
a club; an orc corpse
Found a shimmering altar of Xom.
There is an opulent altar of Gozag here.
You kneel at the altar of Gozag.
Gozag welcomes you!
You pay a service fee of 129 gold.
Gozag offers you a free set of potion effects!
The bullfrog hits you. The bullfrog closely misses you.
The bullfrog barely misses you.
You closely miss the gnoll. The bullfrog hits you! The gnoll barely misses you.
You hit the gnoll.
The gnoll is lightly wounded.
The bullfrog barely misses you. The gnoll barely misses you. x2
You block the bullfrog's attack.
The gnoll sergeant hits you from afar with a spear of piercing.
Evoke which item? (* to show all) (? for menu, Esc to quit)
Aiming: Enslavement
Press: ? - help, Shift-Dir - straight line, f - bullfrog
Aim: a bullfrog (chance to defeat MR: 69%)
The bullfrog struggles to resist.
The bullfrog hits you. The gnoll barely misses you.
The gnoll completely misses you.
The gnoll sergeant hits you from afar with a spear of piercing!
* * * LOW HITPOINT WARNING * * *
x2 The bullfrog hits you.
* * * LOW HITPOINT WARNING * * *
Unknown command.
Evoke which item? (* to show all) (? for menu, Esc to quit)
Aiming: Enslavement
Press: ? - help, Shift-Dir - straight line, f/p - bullfrog
Aim: a bullfrog (chance to defeat MR: 69%)
The bullfrog is charmed.
The gnoll hits you!
You die...
Your body crumbles into a pile of gold.

#..#..# $ #.....
#.###g# #.....
##.###.# #.....
##..._#g#####+#.....
#_....#..'..........
##..._#.##..........
##.###.#...........
$ #F###F#........%..
#@g#..#...........
##gg.##+####......
##.## #...... #_#
#...... ### ......


You could see a gnoll sergeant, 2 gnolls and a friendly bullfrog.

Vanquished Creatures
  Eustachio (D:5)
  A phantom (D:4)
  An ogre (D:4)
  A bullfrog (D:6)
  A wight (D:6)
  A bullfrog zombie (D:5)
  A hound (D:6)
  3 orc wizards
  An iguana (D:5)
  2 worker ants
  2 hound skeletons
  5 adders
  An adder zombie (D:6)
  A worm (D:4)
  A leopard gecko (D:4)
  4 orcs
  A ball python (D:6)
  A bat (D:2)
  A goblin (D:2)
  A rat (D:1)
31 creatures vanquished.

Vanquished Creatures (collateral kills)
  A crimson imp (D:5)
  A quasit (D:5)
  A hound (D:5)
  A leopard gecko (D:5)
  2 orcs (D:4)
  A ball python (D:4)
7 creatures vanquished.

Vanquished Creatures (others)
  3 wights (D:6)
  A worker ant (D:5)
4 creatures vanquished.

Grand Total: 42 creatures vanquished

Notes
Turn   | Place    | Note
-------+----------+-------------------------------------------
     0 | D:1      | Amnesiac the Spriggan Artificer began the quest for the Orb.
     0 | D:1      | Reached XP level 1. HP: 9/9 MP: 4/4
   737 | D:3      | Noticed an orc wizard
   739 | D:3      | Killed an orc wizard
   739 | D:3      | Reached skill level 1 in Fighting
   739 | D:3      | Reached XP level 2. HP: 14/14 MP: 6/6
   739 | D:3      | Reached XP level 3. HP: 18/18 MP: 7/7
   748 | D:4      | Reached skill level 5 in Evocations
   753 | D:4      | Reached XP level 4. HP: 18/22 MP: 8/8
   847 | D:4      | Learned a level 1 spell: Infusion
   920 | D:4      | Noticed a phantom
  1000 | D:4      | Killed a phantom
  1000 | D:4      | Reached skill level 6 in Evocations
  1000 | D:4      | Reached XP level 5. HP: 26/26 MP: 8/10
  1105 | D:4      | Found a blossoming altar of Fedhas.
  1105 | D:4      | Found a shadowy altar of Dithmenos.
  1135 | D:4      | Got a coiled copper amulet
  1136 | D:4      | Identified the amulet "Reihana" {rF- rC++ Regen+ Dex+2} (You found it on level 4 of the Dungeon)
  1212 | D:4      | Noticed an ogre
  1301 | D:4      | Noticed an ogre
  1455 | D:4      | Killed an ogre
  1455 | D:4      | Reached XP level 6. HP: 14/30 MP: 11/11
  1594 | D:5      | Entered Level 5 of the Dungeon
  1669 | D:5      | Reached skill level 5 in Dodging
  1747 | D:5      | Noticed Eustachio
  1787 | D:5      | Noticed Amnesiac's ghost (amateur SpAr)
  1834 | D:5      | Reached skill level 7 in Evocations
  1835 | D:5      | Killed Eustachio
  2226 | D:6      | Found a stormy altar of Qazlal.
  2318 | D:6      | Found a bloodstained altar of Trog.
  2386 | D:6      | Reached XP level 7. HP: 34/35 MP: 13/13
  2595 | D:6      | Got a warped robe
  2639 | D:6      | Identified the +0 robe of Bouhyiz {Str-3 Slay+5} (You found it on level 6 of the Dungeon)
  2648 | D:6      | Reached skill level 8 in Evocations
  2745 | D:6      | Found an iron altar of Okawaru.
  3075 | D:7      | Found a hide-covered altar of Uskayaw.
  3075 | D:7      | Found a glowing silver altar of Zin.
  3081 | D:7      | Found an opulent altar of Gozag.
  3083 | D:7      | Found a deep blue altar of Sif Muna.
  3101 | D:7      | Found a shimmering altar of Xom.
  3105 | D:7      | Became a worshipper of Gozag Ym Sagoz the Greedy
  3114 | D:7      | Slain by a gnoll

Vault maps used:
D:1:      enne_arrival_octagon_isle, serial_bayou_ford_a, serial_park_tiny_1
D:2:      bh_chokoban, minmay_rat_gold_closets
D:3:      tso_altar
D:4:      gammafunk_temple_overflow_elements
D:5:      first_ration, uniq_eustachio
D:6:      nicolae_overflow_crystal_walls, lemuel_coloured_pillars_altar,
          lemuel_round_altar
D:7:      chequers_temple_overflow_minitemple, temple_fountains, serial_shops,
          shop

Skill      XL: |  1  2  3  4  5  6  7 |
---------------+----------------------+-----
Fighting       | 1 2 3 |  3.2
Stealth        | 2 |  2.3
Evocations     | 5 6 7 8 |  8.3
Short Blades   | 2 |  2.0
Dodging        | 4 5 6 |  6.2

Action                   |  1- 3 |  4- 6 |  7- 9 || total
-------------------------+-------+-------+-------++-------
Melee: Whip              |    11 |    26 |    63 ||   100
       Short sword       |     3 |       |       ||     3
Evoke: Wand              |    10 |    34 |     8 ||    52
  Use: Scroll            |       |     6 |     1 ||     7
 Stab: Paralysed         |       |     4 |       ||     4
Armor: Robe              |     3 |     6 |     2 ||    11
Dodge: Dodged            |    22 |    58 |    76 ||   156
Block: Buckler           |       |    14 |    32 ||    46

Table legend:
 A = Spawn XP
 B = Non-spawn XP
 C = Spawn XP percentage of total XP
 D = Spawn monster count
 E = Non-spawn monster count
 F = Spawn count percentage of total count
 G = Total turns spent on level
                    A         B        C        D         E        F      G
               +---------+---------+-------+---------+---------+-------+---------
         Total |       0 |     994 |   0.0 |       0 |      39 |   0.0 |  3114
               +---------+---------+-------+---------+---------+-------+---------
           D:1 |       0 |       1 |   0.0 |       0 |       1 |   0.0 |   211
           D:2 |       0 |       4 |   0.0 |       0 |       2 |   0.0 |   456
           D:3 |       0 |      46 |   0.0 |       0 |       3 |   0.0 |    83
           D:4 |       0 |     336 |   0.0 |       0 |      14 |   0.0 |   880
           D:5 |       0 |     325 |   0.0 |       0 |       8 |   0.0 |   542
           D:6 |       0 |     279 |   0.0 |       0 |      10 |   0.0 |   850
           D:7 |       0 |       3 |   0.0 |       0 |       1 |   0.0 |    92
               +---------+---------+-------+---------+---------+-------+---------
